 Dungeon Crawl Stone Soup version 0.25-a0-547-g27a0b5d1ef (webtiles) character file.

Game seed: 690124311886336924, levelgen mode: classic

213717 EnegeticOcto the Champion of Chaos (level 17, -26/170 HPs)
             Began as a Deep Dwarf Fighter on Feb 22, 2020.
             Was the Champion of Makhleb.
             Killed from afar by an ancient lich (60 damage)
             ... with a crystal spear
             ... on level 5 of the Vaults.
             The game lasted 00:17:21 (15534 turns).

EnegeticOcto the Champion of Chaos (DDFi)          Turns: 15534, Time: 00:17:22

Health: -26/170    AC: 19    Str: 26    XL:     17   Next: 82%
Magic:  9/9        EV: 18    Int: 14    God:    Makhleb [******]
Gold:   427        SH:  2    Dex: 19    Spells: 16/16 levels left

rFire    + + .     SeeInvis .   d - +9 battleaxe (vamp)
rCold    + . .     Gourm    .   (shield currently unavailable)
rNeg     + . .     Faith    .   L - +9 chain mail of a Thousand Lovers {Dex+2}
rPois    +         Spirit   .   P - +0 hat {MR+}
rElec    +         Reflect  +   N - scarf {rC+ rF+}
rCorr    .         Harm     .   r - +1 pair of gloves
MR       +++..                  v - +2 pair of boots of the Hills {+Blink Dex+5 Stlth+}
Stlth    ..........             E - +2 amulet of reflection
HPRegen  0.00/turn              H - ring of the Country {*Contam rElec rPois rF+ Int+4, =R}
MPRegen  0.11/turn              i - ring of poison resistance

@: corroded, non-regenerating, lightly drained
A: damage resistance, heal wounds, negative energy resistance 1, sense
surroundings 2, no regeneration
}: 2/15 runes: serpentine, barnacled
a: Heal Wounds, Minor Destruction, Lesser Servant of Makhleb, Major Destruction,
Greater Servant of Makhleb, Renounce Religion, Evoke Blink


You were on level 5 of the Vaults.
You worshipped Makhleb.
Makhleb was exalted by your worship.
You were hungry.

You visited 7 branches of the dungeon, and saw 34 of its levels.
You visited 1 bazaar.
You also visited: Sewer and Ossuary.

You collected 1984 gold pieces.
You spent 1557 gold pieces at shops.

Inventory:

Hand Weapons
 a - the +8 broad axe "Wiompuimok" {vorpal, rC- Dex+3}
   (You bought it in a shop in a bazaar)

   It inflicts extra damage upon your enemies.
   It affects your dexterity (+3).
   It makes you vulnerable to cold.
 d - a +9 vampiric battleaxe (weapon)
Missiles
 q - 4 throwing nets (quivered)
Armour
 c - a +0 kite shield
 r - a +1 pair of gloves (worn)
 v - the +2 pair of boots of the Hills (worn) {+Blink Dex+5 Stlth+}
   (You bought it in a shop on level 5 of the Dungeon)

   It affects your dexterity (+5).
   It lets you blink.
   It makes you more stealthy.
   If you remove this armour, your AC will decrease by 3 (19 -> 16).
 L - the +9 chain mail of a Thousand Lovers (worn) {Dex+2}
   (You bought it in a shop on level 11 of the Dungeon)

   It affects your dexterity (+2).
   If you remove this armour, your AC will decrease by 20 (19 -> -1).
 N - a scarf of resistance (worn)
 P - a +0 hat of magic resistance (worn)
Jewellery
 i - a ring of poison resistance (right hand)
 E - a +2 amulet of reflection (around neck)
 H - the ring of the Country (left hand) {*Contam rElec rPois rF+ Int+4, =R}
   (You acquired it on level 11 of the Dungeon)

   [ring of protection from fire]

   It affects your intelligence (+4).
   It protects you from fire.
   It insulates you from electricity.
   It protects you from poison.
   It causes magical contamination when unequipped.
Wands
 u - a wand of iceblast (10)
 w - a wand of polymorph (14)
 y - a wand of paralysis (8)
 O - a wand of scattershot (6)
 Q - a wand of digging (6) {@v2}
Scrolls
 f - 2 scrolls of holy word
 h - 5 scrolls of fog
 l - a scroll of fear
 o - 3 scrolls of magic mapping {@r5}
 p - 11 scrolls of teleportation {@r2}
 x - 7 scrolls of identify {@r1}
 I - a scroll of immolation {@r4}
 J - a scroll of brand weapon
 K - 2 scrolls of remove curse {@r6}
Potions
 b - 3 potions of brilliance
 g - a potion of cancellation
 j - a potion of stabbing {@q5}
 k - 2 potions of might {@q3}
 m - a potion of resistance {@q6}
 n - 3 potions of haste {@q4}
 s - a potion of heal wounds {@q2}
 t - 11 potions of flight
 z - a potion of lignification {@q7}
 A - a potion of berserk rage
 C - 2 potions of mutation
 F - a potion of magic {unknown}
 G - 2 potions of invisibility
 M - 4 potions of curing {@q1}
Comestibles
 e - 26 rations


   Skills:
 * Level 15.2(15.0) Fighting
 * Level 17.4(17.2) Axes
 + Level 13.0(12.9) Armour
 + Level 12.6(12.5) Dodging
 - Level 5.0(4.8) Shields
 * Level 19.4(19.2) Invocations


You had 16 spell levels left.
You didn't know any spells.
Your spell library was empty.

Dungeon Overview and Level Annotations

Branches:
Dungeon (14/15)            Temple (1/1) D:5            Lair (4/6) D:9
 Shoals (4/4) Lair:4        Snake (4/4) Lair:4          Orc (2/2) D:10
    Elf (0/3) Orc:2        Vaults (5/5) D:13          Sewer (visited)
Ossuary (visited)
  Crypt: Vaults:2-3

Altars:
Ashenzari
Cheibriados
Dithmenos
Elyvilon
Makhleb
Qazlal
Trog
Uskayaw
Vehumet
The Shining One

Shops:
D:5 [   D:11 (%[(   Orc:2 *[=*   Shoals:4 =   Snake:2 ([[?

Annotations:
D:6 3 runed translucent doors, Tenar's ghost, novice GrEE; derval's ghost, novice DEIE
D:11 1 runed translucent door, Katabasis's ghost, journeyman OgBe
D:13 exclusion: orange crystal statue
D:14 1 runed translucent door, 1 exclusion, Blork the orc; Oteen's ghost, journeyman GrFi


Innate Abilities, Weirdness & Mutations

You are resistant to damage.
You can heal yourself by infusing magical energy.
You resist negative energy. (rN+)
You passively map the area around you.
You do not regenerate.


Message History

You hear a shout!
You hit the ancient lich.
The ancient lich is almost destroyed.
The ancient lich misses you.
You hit the ancient lich but do no damage.
The ancient lich is almost destroyed.
The ancient lich completely misses you.
Your chain mail of a Thousand Lovers prevents you from hitting the ancient lich.
The ancient lich is almost destroyed.
The ancient lich casts a spell at you. The bolt of acid hits you!
You are splashed with acid!
* * * LOW HITPOINT WARNING * * *
The ancient lich closely misses you.
You hear a shout! x2; You hear two shouts!
You hear a shout!
You are too injured to fight recklessly!
You are too injured to fight recklessly!
You are too injured to fight recklessly!
You are too injured to fight recklessly!
You are too injured to fight recklessly!
You are too injured to fight recklessly!
You are too injured to fight recklessly!
You are too injured to fight recklessly!
You are too injured to fight recklessly!
You feel much better.
You hear a shout! x3
The ancient lich gestures at you while chanting.
The bolt of acid misses you.
You hear a shout!
You feel much better.
You hear a shout!
The ancient lich touches you but does no damage.
The ancient lich touches you!
You hear a shout! x3
You barely miss the ancient lich.
The ancient lich is severely damaged.
You hear a shout! x2
The vault guard looks more healthy.
The ancient lich gestures at you while chanting.
The crystal spear hits you!!!
* * * LOW HITPOINT WARNING * * *
You are too injured to fight recklessly!
You are too injured to fight recklessly!
You are too injured to fight recklessly!
You are too injured to fight recklessly!
You are too injured to fight recklessly!
You are too injured to fight recklessly!
You are too injured to fight recklessly!
You are too injured to fight recklessly!
You are too injured to fight recklessly!
Your magical essence is drained by the effort!
You feel much better.
The ancient lich touches you but does no damage.
The ancient lich gestures at you while chanting.
You resist with almost no effort.
You feel much better.
The ancient lich touches you but does no damage.
You feel much better.
The ancient lich gestures at you while chanting.
The crystal spear hits you!!!
* * * LOW HITPOINT WARNING * * *
The ancient lich touches you but does no damage.
You hear a shout! x3
Your magical essence is drained by the effort!
You feel much better.
You hear a shout!
The ancient lich casts a spell at you. You resist with almost no effort.
You closely miss the ancient lich.
The ancient lich is severely damaged.
The ancient lich touches you.
You slash the ancient lich!
The ancient lich is severely damaged.
You hear a shout!
The ancient lich touches you.
The ancient lich touches you but does no damage.
You hear a shout! x2
You barely miss the ancient lich.
The ancient lich is severely damaged.
The ancient lich gestures at you while chanting.
The bolt of acid hits you!!!
* * * LOW HITPOINT WARNING * * *
You are splashed with acid!
* * * LOW HITPOINT WARNING * * *
You are too injured to fight recklessly!
You are too injured to fight recklessly!
You are too injured to fight recklessly!
You are too injured to fight recklessly!
You are too injured to fight recklessly!
You are too injured to fight recklessly!
You are too injured to fight recklessly!
Your magical essence is drained by the effort!
You feel much better. The ancient lich casts a spell at you.
The crystal spear hits you!!!
* * * LOW HITPOINT WARNING * * *
You hear an angry hiss.
You feel much better.
The ancient lich points at you and mumbles some strange words.
The crystal spear hits you!!!
You die...

, * , ,,, * * * * , ,
* , , * , , , * * ,**
, ,, * , ## *, , * *
,#.#### ..# ,**, ,, *
..#.#....#, , , , ,
##,#).#....# ,
#.###@#....# . ,* , ,
, ** ,p§#L##....#,..
, , ,* ,
#ppD#p...#.#. , * ,*,
##p)ppp..m...,, ,
######)ppp....##* , ,
.......pppc<..... , ,
.......ppp..<.... ,
.......cC.W<..... ,,
,
,,,......^..........,
, ,


You could see an ancient lich and 3 vault guards.

Vanquished Creatures
  Mennas (Vaults:4)
  A golden dragon (Vaults:5)
  Asterion (Vaults:1)
  A kraken (Shoals:4)
  Kirke (D:13)
  Gastronok (Lair:3)
  A shadow dragon (Vaults:5)
  4 nagarajas
  A fire giant (Vaults:5)
  An iron dragon (Vaults:5)
  2 deep elf sorcerers
  3 vault wardens
  A ghoul (Vaults:4)
  2 ironheart preservers
  A vampire knight (Vaults:2)
  A deep elf death mage (Vaults:4)
  2 merfolk impalers
  An ettin (Vaults:3)
  A fire dragon (Vaults:1)
  An ogre mage (Vaults:2)
  13 naga warriors
  An ice dragon (Vaults:4)
  8 vault guards (Vaults:5)
  2 anacondas (Snake:2)
  3 centaur warriors (Vaults:1)
  A death knight (Vaults:4)
  2 merfolk aquamancers
  2 merfolk avatars
  A hydra (Lair:3)
  5 two-headed ogres
  An alligator snapping turtle (Shoals:3)
  6 death yaks (Lair:4)
  4 shock serpents
  3 orc high priests (Orc:2)
  7 naga sharpshooters
  A vampire mage (Vaults:2)
  Urug (D:13)
  4 deep elf knights
  A shock serpent (shapeshifter) (Vaults:5)
  A skeletal warrior (Vaults:2)
  A sea snake (Shoals:1)
  2 unseen horrors
  11 wizards
  5 naga ritualists
  3 deep elf archers
  2 phantasmal warriors
  An ironbrand convoker (Vaults:1)
  Pikel (D:6)
  7 orc knights
  2 necromancers
  6 cyclopes
  5 mana vipers
  12 manticores
  9 ugly things
  5 fauns
  A wolf spider (Vaults:4)
  6 deep elf magi
  4 orc sorcerers
  A human skeleton (Vaults:1)
  2 stone giant skeletons (Vaults:5)
  7 merfolk sirens
  8 salamanders
  12 naga magi
  A fire giant skeleton (Vaults:1)
  5 guardian serpents
  An elephant (Lair:2)
  25 black mambas
  A vault sentinel (Vaults:1)
  5 spiny frogs
  A yaktaur zombie (Vaults:5)
  A kobold demonologist (D:12)
  3 rime drakes
  A freezing wraith (Vaults:4)
  7 yaktaurs
  3 komodo dragons
  A wind drake (Shoals:3)
  11 merfolk
  A queen bee (Lair:2)
  A tengu simulacrum (Vaults:1)
  7 trolls
  A hornet (D:11)
  Prince Ribbit (Lair:3)
  A polar bear (D:13)
  8 blink frogs
  14 slime creatures
  A snapping turtle (Shoals:2)
  6 hippogriffs
  A fire giant simulacrum (Vaults:5)
  A shadow (D:11)
  Sigmund (D:5)
  6 water elementals
  2 wraiths
  30 yaks
  4 wyverns (Lair:2)
  A human simulacrum (Vaults:1)
  6 hogs (D:13)
  3 basilisks
  Grum (D:10)
  Menkaure (Ossuary)
  2 wargs
  42 nagas
  Edmund (D:4)
  10 water moccasins
  Purgy (Sewer)
  6 porcupines
  20 orc warriors
  4 sky beasts
  An eye of draining (D:11)
  3 ice beasts
  6 black bears
  13 ogres
  A phantom (D:6)
  A slave (D:6)
  A necrophage (D:11)
  23 wolves
  3 boggarts (Vaults:1)
  19 centaurs
  10 crocodiles
  2 big kobolds
  16 bullfrogs
  2 yaktaur skeletons
  A water moccasin skeleton (D:8)
  4 scorpions
  33 killer bees
  14 wights
  4 howler monkeys
  11 crimson imps
  4 centaur zombies
  A bullfrog zombie (D:12)
  A quasit (D:9)
  11 hounds
  7 jellies
  14 orc priests
  Crazy Yiuf (D:7)
  A gnoll shaman (D:7)
  24 orc wizards
  2 bullfrog skeletons
  3 centaur skeletons
  6 iguanas
  14 worker ants
  A hound zombie (D:10)
  3 mummies (Ossuary)
  6 gnolls (D:7)
  17 adders
  5 river rats (Lair:2)
  7 oozes
  An adder skeleton (D:7)
  4 worms
  A dart slug (D:4)
  A leopard gecko (D:7)
  70 orcs
  3 giant cockroaches
  8 goblins
  2 hobgoblins
  8 jackals
  4 quokkas
  8 ball pythons
  4 frilled lizards
  6 gnoll skeletons (Ossuary)
  8 gnoll zombies (Ossuary)
  2 goblin skeletons (Ossuary)
  4 goblin zombies (Ossuary)
  4 hobgoblin skeletons (Ossuary)
  5 hobgoblin zombies (Ossuary)
  A jackal skeleton (D:7)
  10 kobolds
  6 kobold skeletons (Ossuary)
  2 kobold zombies (Ossuary)
  A leopard gecko skeleton (D:6)
  2 orc skeletons (Ossuary)
  5 orc zombies (Ossuary)
  3 quokka skeletons
  9 rats
  5 rat skeletons (Ossuary)
  A rat zombie (Ossuary)
  5 fungi (Lair:3)
  7 plants
  A tentacle (Shoals:4)
955 creatures vanquished.

Vanquished Creatures (collateral kills)
  3 nagarajas (Snake:4)
  2 merfolk javelineers (Shoals:4)
  5 naga warriors (Snake:4)
  An anaconda (Snake:4)
  2 merfolk aquamancers (Shoals:4)
  2 satyrs (Shoals:4)
  3 naga sharpshooters (Snake:4)
  A salamander mystic (Snake:4)
  An orc knight (Vaults:1)
  A cyclops (Vaults:1)
  A merfolk siren (Shoals:3)
  2 naga magi (Snake:4)
  3 water nymphs (Shoals:4)
  2 yaktaurs (Vaults:1)
  4 merfolk
  A wind drake (Shoals:4)
  2 snapping turtles (Shoals:4)
  4 water elementals (Shoals:4)
  13 nagas (Snake:4)
  A centaur (Vaults:1)
  3 plants (Shoals:4)
  A tentacle (Shoals:4)
58 creatures vanquished.

Vanquished Creatures (others)
  A naga mage (Snake:2)
  A sky beast (D:7)
  A slave (D:6)
  2 fungi
  6 plants
  4 tentacles (Shoals:4)
  A withered plant (D:6)
16 creatures vanquished.

Grand Total: 1029 creatures vanquished

Notes
Turn   | Place    | Note
-------+----------+-------------------------------------------
     0 | D:1      | EnegeticOcto the Deep Dwarf Fighter began the quest for the
                  | Orb.
     0 | D:1      | Reached XP level 1. HP: 20/20 MP: 1/1
   115 | D:2      | Reached XP level 2. HP: 16/27 MP: 2/2
   258 | D:4      | Noticed Edmund
   288 | D:3      | Reached XP level 3. HP: 31/34 MP: 2/2
   335 | D:4      | Killed Edmund
   335 | D:4      | Reached skill level 1 in Dodging
   335 | D:4      | Reached XP level 4. HP: 29/43 MP: 2/2
   383 | D:4      | Reached XP level 5. HP: 49/49 MP: 3/3
   638 | D:5      | Entered Level 5 of the Dungeon
   650 | D:5      | Reached XP level 6. HP: 25/57 MP: 4/4
   665 | D:5      | Found Ypecw's Antique Armour Emporium.
   718 | D:5      | Found a snail-covered altar of Cheibriados.
   813 | D:5      | Identified the cursed +0 scale mail of Ciube {rElec Str-5
                  | Stlth+}
   824 | D:5      | Reached XP level 7. HP: 51/66 MP: 5/5
   826 | D:5      | Noticed Sigmund
   835 | D:5      | Reached skill level 5 in Axes
   843 | D:5      | Killed Sigmund
   996 | D:5      | Reached skill level 5 in Fighting
  1134 | D:5      | Found a staircase to the Ecumenical Temple.
  1357 | Temple   | Entered the Ecumenical Temple
  1406 | Temple   | Became a worshipper of Makhleb the Destroyer
  1476 | D:6      | Reached skill level 5 in Armour
  1476 | D:6      | Reached skill level 1 in Invocations
  1479 | D:6      | Reached XP level 8. HP: 42/74 MP: 5/7
  1482 | D:6      | Reached skill level 2 in Invocations
  1487 | D:6      | Reached skill level 5 in Shields
  1537 | D:6      | Found a hide-covered altar of Uskayaw.
  1540 | D:6      | Noticed a +0 dagger
  1541 | D:6      | Noticed a +0 dagger
  1551 | D:6      | Noticed Pikel
  1560 | D:6      | Killed Pikel
  1560 | D:6      | Reached skill level 3 in Invocations
  1561 | D:6      | Reached skill level 4 in Invocations
  1625 | D:6      | Reached * piety under Makhleb
  1637 | D:6      | Found a runed translucent gate.
  1637 | D:6      | Found a runed translucent gate.
  1637 | D:6      | Found a runed translucent gate.
  1638 | D:6      | Noticed Tenar's ghost (novice GrEE)
  1638 | D:6      | Noticed derval's ghost (novice DEIE)
  1739 | D:6      | Gained mutation: You passively map the area around you.
                  | [Deep Dwarf growth]
  1739 | D:6      | Reached XP level 9. HP: 63/82 MP: 10/10
  1742 | D:6      | Reached skill level 5 in Invocations
  1758 | D:6      | Found a glowing drain.
  1773 | Sewer    | Entered a sewer
  1824 | Sewer    | Noticed Purgy
  1838 | Sewer    | Killed Purgy
  2179 | D:5      | Bought a pair of transparent boots for 209 gold pieces
  2184 | D:5      | Identified the +2 pair of boots of the Hills {+Blink Dex+5
                  | Stlth+} (You bought it in a shop on level 5 of the Dungeon)
  2247 | D:7      | Reached ** piety under Makhleb
  2273 | D:7      | Found a radiant altar of Vehumet.
  2349 | D:7      | Reached skill level 6 in Invocations
  2429 | D:7      | Reached skill level 5 in Dodging
  2474 | D:7      | Found a shadowy altar of Dithmenos.
  2920 | D:7      | Found a runed translucent door.
  2921 | D:7      | Noticed Crazy Yiuf
  3178 | D:7      | Reached skill level 7 in Invocations
  3333 | D:7      | Killed Crazy Yiuf
  3608 | D:8      | Found a sand-covered staircase.
  3616 | Ossuary  | Entered an ossuary
  3644 | Ossuary  | Reached *** piety under Makhleb
  3851 | Ossuary  | Noticed Menkaure
  3856 | Ossuary  | Killed Menkaure
  3879 | Ossuary  | Reached **** piety under Makhleb
  3945 | D:8      | Reached XP level 10. HP: 89/94 MP: 13/13
  4203 | D:8      | Found a shattered altar of Ashenzari.
  4324 | D:8      | Found a glowing golden altar of the Shining One.
  4335 | D:8      | Found a white marble altar of Elyvilon.
  4554 | D:5      | Bought an embroidered hat for 154 gold pieces
  4660 | D:9      | Reached skill level 8 in Invocations
  4672 | D:9      | Reached ***** piety under Makhleb
  4758 | D:9      | Found a staircase to the Lair.
  5021 | D:9      | Reached skill level 9 in Invocations
  5367 | D:10     | Entered Level 10 of the Dungeon
  5370 | D:10     | Noticed Grum
  5376 | D:10     | Reached XP level 11. HP: 103/104 MP: 16/16
  5385 | D:10     | Killed Grum
  5401 | D:10     | Found a staircase to the Orcish Mines.
  5598 | D:10     | Reached skill level 10 in Axes
  5603 | D:10     | You fall into a shaft and drop 3 floors!
  5664 | D:13     | Killed an unseen horror
  5711 | D:13     | Noticed a brown ugly thing
  5720 | D:13     | Killed a brown ugly thing
  5720 | D:13     | Reached skill level 10 in Invocations
  5732 | D:13     | Noticed Sonja
  5733 | D:13     | Noticed Sonja
  5733 | D:13     | Sonja changed into Sonja the polar bear
  5738 | D:13     | Killed Sonja the polar bear
  5762 | D:12     | Noticed a brown ugly thing
  5775 | D:12     | Killed a brown ugly thing
  6066 | D:12     | Reached ****** piety under Makhleb
  6251 | D:11     | Found a flickering gateway to a bazaar.
  6258 | D:11     | Reached skill level 11 in Invocations
  6271 | D:11     | Reached XP level 12. HP: 114/116 MP: 18/18
  6292 | D:11     | Identified a scroll of acquirement
  6292 | D:11     | Identified the ring of the Country {*Contam rElec rPois rF+
                  | Int+4} (You acquired it on level 11 of the Dungeon)
  6301 | Bazaar   | Entered a bazaar
  6315 | Bazaar   | Found Xuosia Emimp's Gadget Shoppe.
  6330 | Bazaar   | Found Omoecho's Book Emporium.
  6345 | Bazaar   | Found Zeugut's Antique Weapon Emporium.
  6345 | Bazaar   | Found Doddesof's Weapon Shoppe.
  6355 | Bazaar   | Bought a smoking broad axe for 225 gold pieces
  6386 | Bazaar   | Identified the +8 broad axe "Wiompuimok" {vorpal, rC-
                  | Dex+3} (You bought it in a shop in a bazaar)
  6422 | D:11     | Found a runed translucent door.
  6430 | D:11     | Noticed Katabasis's ghost (journeyman OgBe)
  6443 | D:11     | Found Athruin's Armour Boutique.
  6457 | D:11     | Noticed a two-headed ogre
  6495 | D:11     | Killed a two-headed ogre
  6526 | D:11     | Found Iroteipiu's Antique Weapon Shoppe.
  6555 | D:11     | Reached skill level 10 in Fighting
  6561 | D:11     | Found Woro's Food Shoppe.
  6655 | D:11     | Found Fizung's Weapon Emporium.
  6828 | D:11     | Reached skill level 12 in Invocations
  7248 | Lair:1   | Entered Level 1 of the Lair of Beasts
  7932 | Lair:2   | Reached XP level 13. HP: 126/126 MP: 20/20
  8230 | Lair:3   | Reached skill level 13 in Invocations
  8585 | Lair:3   | Noticed Prince Ribbit
  8590 | Lair:3   | Killed Prince Ribbit
  8763 | Lair:3   | Noticed Gastronok
  8781 | Lair:3   | Killed Gastronok
  9512 | Lair:4   | Found a staircase to the Snake Pit.
  9583 | Lair:4   | Found a staircase to the Shoals.
  9667 | Lair:4   | Reached skill level 14 in Invocations
  9668 | Lair:4   | Reached skill level 10 in Armour
  9855 | Snake:1  | Entered Level 1 of the Snake Pit
  9893 | Snake:1  | Gained mutation: You resist negative energy. (rN+) [Deep
                  | Dwarf growth]
  9893 | Snake:1  | Reached XP level 14. HP: 136/136 MP: 22/22
 10125 | Snake:1  | Reached skill level 15 in Invocations
 10180 | Snake:2  | Reached skill level 10 in Dodging
 10271 | Snake:2  | Found Buofaula's Magic Scroll Shoppe.
 10274 | Snake:2  | Found Agri's Armour Shoppe.
 10274 | Snake:2  | Found Pyholiv's Armour Emporium.
 10291 | Snake:2  | Found Nobloyf's Antique Weapon Emporium.
 10303 | Snake:2  | Bought a scroll of magic mapping for 66 gold pieces
 10303 | Snake:2  | Bought a scroll of identify for 38 gold pieces
 10303 | Snake:2  | Bought a scroll of identify for 38 gold pieces
 10303 | Snake:2  | Bought a scroll of identify for 38 gold pieces
 10438 | Snake:2  | Noticed a nagaraja
 10448 | Snake:2  | Noticed a nagaraja
 10453 | Snake:2  | Noticed a nagaraja
 10472 | Snake:2  | Killed a nagaraja
 10478 | Snake:2  | Killed a nagaraja
 10484 | Snake:2  | Killed a nagaraja
 10484 | Snake:2  | Reached XP level 15. HP: 106/146 MP: 23/23
 10570 | Snake:2  | Reached skill level 16 in Invocations
 10989 | Snake:4  | Entered Level 4 of the Snake Pit
 11029 | Snake:4  | Reached skill level 15 in Axes
 11040 | Snake:4  | Noticed a nagaraja
 11047 | Snake:4  | Killed a nagaraja
 11066 | Snake:4  | Noticed a nagaraja
 11074 | Snake:4  | Killed a nagaraja
 11080 | Snake:4  | Noticed a nagaraja
 11088 | Snake:4  | Killed a nagaraja
 11124 | Snake:4  | Noticed a nagaraja
 11131 | Snake:4  | Killed a nagaraja
 11156 | Snake:4  | Got a serpentine rune of Zot
 11322 | Shoals:1 | Entered Level 1 of the Shoals
 11722 | Shoals:2 | Reached skill level 17 in Invocations
 11893 | Shoals:4 | Entered Level 4 of the Shoals
 11947 | Shoals:4 | Reached XP level 16. HP: 129/157 MP: 23/23
 12029 | Shoals:4 | Found Gauf Qee's Jewellery Emporium.
 12113 | Shoals:4 | Noticed a kraken
 12129 | Shoals:4 | Killed a kraken
 12139 | Shoals:4 | Got a barnacled rune of Zot
 12423 | Orc:1    | Entered Level 1 of the Orcish Mines
 12609 | Orc:2    | Entered Level 2 of the Orcish Mines
 12616 | Orc:2    | Found a staircase to the Elven Halls.
 12955 | Orc:2    | Found Miagerpho's General Store.
 12955 | Orc:2    | Found Cuipomu's Armour Emporium.
 12957 | Orc:2    | Found Feyfiph's Jewellery Boutique.
 12957 | Orc:2    | Found Dioppos's Assorted Antiques.
 13307 | D:11     | Bought the +9 chain mail of a Thousand Lovers {Dex+2} for
                  | 789 gold pieces
 13432 | D:13     | Noticed Urug
 13445 | D:13     | Killed Urug
 13699 | D:14     | Noticed Blork the orc
 13967 | D:14     | Found the +3 warlock's mirror {reflect}
 14188 | D:14     | Found a runed translucent door.
 14191 | D:14     | Noticed Oteen's ghost (journeyman GrFi)
 14193 | D:14     | Found the cursed +13 scythe of Curses {drain, *Curse}
 14478 | D:13     | Found a gate to the Vaults.
 14478 | D:13     | Noticed Kirke
 14492 | D:13     | Killed Kirke
 14492 | D:13     | Reached skill level 18 in Invocations
 14496 | Vaults:1 | Entered Level 1 of the Vaults
 14512 | Vaults:1 | Noticed Asterion
 14560 | Vaults:1 | Killed Asterion
 14654 | Vaults:1 | Reached XP level 17. HP: 145/168 MP: 19/19
 15230 | Vaults:4 | Noticed Mennas
 15343 | Vaults:4 | Killed Mennas
 15343 | Vaults:4 | Reached skill level 19 in Invocations
 15413 | Vaults:5 | Entered Level 5 of the Vaults
 15415 | Vaults:5 | Noticed a golden dragon
 15424 | Vaults:5 | Reached skill level 15 in Fighting
 15430 | Vaults:5 | Noticed a titan
 15473 | Vaults:5 | Noticed a golden dragon
 15490 | Vaults:5 | Killed a golden dragon
 15496 | Vaults:5 | Noticed an ancient lich
 15534 | Vaults:5 | Killed from afar by an ancient lich

Levels and vault maps discovered:
D:1:      dpeg_arrival_simpleton_b, layout_basic
D:2:      layout_basic, lemuel_doored_altar, st_stairs_14,
          chequers_serial_rivers_micro_c, kennysheep_jessica_study
D:3:      layout_rooms, minmay_fractal_squares_diagonal_5
D:4:      layout_basic, first_ration, serial_bayou_lagoon_a, uniq_edmund
D:5:      layout_loops_cross, slow_altar_1, lemuel_temple_firewalk_b,
          serial_shops, nicolae_shop_competitors_out_of_business, fountainhead,
          uniq_sigmund
D:6:      layout_rooms, dancing_weapons_uskayaw, portal_sewer_entry_a,
          gammafunk_ghost_cemetery, hangedman_abyss_or_decor_passed, uniq_pikel
D:7:      layout_basic, vehumet_crystals, lemuel_round_altar,
          uniq_crazy_yiuf_cottage
D:8:      layout_cave_pools, nicolae_overflow_hidden_temple,
          ashenzari_conservatory_becter, minitemple, enter_ossuary_1,
          hangedman_little_slice_of_home, lightli_corner_chamber
D:9:      layout_basic, minmay_lair_entry_grove
D:10:     layout_big_octagon, orc_0_dummy, hex_large, uniq_grum
D:11:     layout_small_grid, serial_shops, bzr_entry_customers, shop,
          nicolae_shop_behind_doors, shop, shop, hellmonk_ghost_happy_afterlife
D:12:     layout_cave_pools
D:13:     minmay_statue_hallways, layout_cave_pools, david_vaults_1, uniq_sonja,
          uniq_urug, uniq_kirke
D:14:     minmay_smoke_and_mirrors, layout_irregular_city, wad_floor_pattern_2,
          ebering_ghost_inner_flame, tgw_sif
Temple:   nicolae_temple_figure_eight
Lair:1:   layout_long_grid, minmay_lair_oklob_items, lemuel_old_faithful,
          uniq_erica
Lair:2:   regret_index_bee_streams, layout_misc_corridors,
          cheibrodos_lair_caveside_slide, pond
Lair:3:   layout_layer_cave, chequers_serial_rivers_small_b, uniq_gastronok,
          uniq_prince_ribbit2
Lair:4:   layout_gridlike, elwin_shoals_entry_stream,
          minmay_snake_entry_guardpost_medium,
          portal_ice_cave_entry_animals_and_master, serial_rivers,
          chequers_serial_rivers_small_3, chequers_serial_rivers_small_b,
          chequers_serial_rivers_small_3, chequers_serial_rivers_small_3,
          chequers_serial_rivers_micro_d, chequers_serial_rivers_large_b
Shoals:1: layout_shoals
Shoals:2: layout_shoals, serial_shops, shop,
          nicolae_shoals_siren_and_animal_friends, uniq_polyphemus, uniq_ilsuiw
Shoals:3: layout_shoals, serial_shops,
          nicolae_shop_temple_entry_statues_fountains
Shoals:4: shoals_end_hangedman, layout_shoals, shoals_ilsuiw_alternative,
          minmay_shop_enchanted_jewellery
Snake:1:  layout_gridlike
Snake:2:  nicolae_cobra_stairs, layout_gridlike, minmay_shoptagon
Snake:3:  layout_chambers, lightli_airlock
Snake:4:  minmay_snake_end_coiled, layout_misc_corridors, serial_shops,
          nicolae_shop_waterfront
Orc:1:    layout_caves
Orc:2:    grunt_orc_tribal_feast, layout_diamond_mine
Vaults:1: hangedman_vaults_restitches, vaults_mumra_bighexcomb,
          vaults_mumra_hex, serial_ice_h, hangedman_vaults_impose,
          vaults_room_semicircle, vaults_dpeg_hooks,
          vaults_room_grunt_arrival_ludios, layout_vaults_big_room,
          serial_shops, shop, uniq_asterion
Vaults:2: v_rooms_3, vaults_dpeg_ring, vaults_room_grunt_arrival_checkpoint,
          ontoclasm_vaults_pinch, v_pattern_4,
          minmay_crypt_entry_simple_statues, vaults_room_pools,
          hangedman_vaults_variations, v_rooms_4, grunt_vaults_twisty,
          nicolae_vaults_little_squares_2, vaults_dpeg_spiral, v_misc_16,
          vaults_mumra_chevron, layout_vaults_maze_bifur
Vaults:3: hangedman_vaults_snaps, ontoclasm_vaults_misaligned,
          ontoclasm_vaults_spin, dpeg_vaults_monster_row,
          nicolae_vaults_little_squares_6, vaults_mumra_minichess_inversion,
          nicolae_vaults_statue_guard, layout_vaults_quadrants, serial_shops,
          shop, shop, shop, uniq_saint_roka
Vaults:4: hangedman_vaults_pinch, nicolae_vaults_know_your_exits, v_misc_8,
          nicolae_vaults_little_squares_2, hangedman_vaults_nodes,
          nicolae_vaults_bisected_slash, v_misc_1,
          nicolae_vaults_windows_and_doors_thing, hangedman_vaults_impose,
          v_misc_22, v_misc_29, vaults_dpeg_cross, nicolae_vaults_rhombus_5,
          vaults_mumra_minichess, grunt_vaults_focal,
          ontoclasm_vaults_decontamination, layout_vaults_omnibox, uniq_mara,
          uniq_mennas, uniq_margery
Vaults:5: serial_shops

Skill      XL: |  1  2  3  4  5  6  7  8  9 10 11 12 13 14 15 16 17 |
---------------+----------------------------------------------------+-----
Fighting       | 3 4 5 6 7 8 9 10 11 12 13 14 15 | 15.2
Axes           | 3 4 5 6 8 9 11 12 13 14 15 16 17 | 17.4
Dodging        | 1 2 3 4 5 6 7 8 9 10 11 12 | 12.6
Armour         | 4 5 6 7 8 9 10 11 12 13 | 13.0
Shields        | 4 5 |  5.0
Invocations    | 1 4 7 9 11 12 14 15 17 18 19 | 19.4

Action                   |  1- 3 |  4- 6 |  7- 9 | 10-12 | 13-15 | 16-18 || total
-------------------------+-------+-------+-------+-------+-------+-------++-------
Melee: War axe           |    86 |   115 |    46 |       |       |       ||   247
       Battleaxe         |       |       |   290 |   647 |   886 |   826 ||  2649
Invok: Greater Servant o |       |       |       |       |     8 |     7 ||    15
       Lesser Servant of |       |       |       |       |     1 |     1 ||     2
 Abil: Heal Wounds       |     2 |     5 |     6 |     1 |    19 |    63 ||    96
Evoke: Wand              |       |       |       |     1 |       |       ||     1
  Use: Scroll            |       |       |     8 |    17 |    10 |     3 ||    38
       Potion            |       |       |       |       |     1 |    10 ||    11
 Stab: Sleeping          |       |       |     1 |       |       |       ||     1
       Distracted        |       |       |       |       |     1 |     3 ||     4
  Eat: Chunk             |       |       |     6 |    13 |     8 |    12 ||    39
       Ration            |       |       |     2 |       |     2 |       ||     4
Armor: Scale mail        |    41 |    71 |   149 |       |       |       ||   261
       Plate armour      |       |       |    59 |   641 |   648 |    87 ||  1435
       Chain mail        |       |       |       |       |       |   427 ||   427
Dodge: Dodged            |    19 |    69 |   243 |   558 |   688 |   656 ||  2233
Block: Kite shield       |    31 |    81 |    45 |       |       |       ||   157
       Other             |       |       |       |    60 |    72 |    68 ||   200
       Reflection        |       |       |       |     1 |     5 |     5 ||    11

Table legend:
 A = Non-vault XP
 B = Vault XP
 C = Vault XP percentage of total XP
 D = Non-vault monster count
 E = Vault monster count
 F = Vault count percentage of total count
                 A         B        C        D         E       F
            +---------+---------+-------+---------+---------+-------
      Total |  145351 |  131442 |  47.5 |     649 |     347 |  34.8
            +---------+---------+-------+---------+---------+-------
        D:1 |       1 |       0 |   0.0 |       1 |       0 |   0.0
        D:2 |      27 |       3 |  10.0 |      11 |       2 |  15.4
        D:3 |      10 |       0 |   0.0 |       6 |       0 |   0.0
        D:4 |     147 |     154 |  51.2 |      10 |       1 |   9.1
        D:5 |     652 |     217 |  25.0 |      28 |       2 |   6.7
        D:6 |    1213 |     627 |  34.1 |      30 |       9 |  23.1
        D:7 |    1867 |      40 |   2.1 |      41 |       1 |   2.4
        D:8 |    1401 |     163 |  10.4 |      32 |       8 |  20.0
        D:9 |    2401 |    1495 |  38.4 |      31 |      13 |  29.5
       D:10 |    1257 |     532 |  29.7 |      13 |       4 |  23.5
       D:11 |    9652 |       8 |   0.1 |      57 |       4 |   6.6
       D:12 |    4378 |       0 |   0.0 |      38 |       0 |   0.0
       D:13 |    3109 |    6367 |  67.2 |      14 |      12 |  46.2
       D:14 |    5598 |    6228 |  52.7 |      19 |       9 |  32.1
     Lair:1 |     480 |       0 |   0.0 |       2 |       0 |   0.0
     Lair:2 |    2736 |    6353 |  69.9 |      14 |      59 |  80.8
     Lair:3 |    7067 |    3141 |  30.8 |      35 |       5 |  12.5
     Lair:4 |    8631 |    2533 |  22.7 |      21 |      10 |  32.3
   Shoals:1 |    8100 |       0 |   0.0 |      16 |       0 |   0.0
   Shoals:2 |    4483 |       0 |   0.0 |      10 |       0 |   0.0
   Shoals:3 |    4854 |       0 |   0.0 |      11 |       0 |   0.0
   Shoals:4 |    4281 |    6419 |  60.0 |      17 |      14 |  45.2
    Snake:1 |   18036 |       0 |   0.0 |      40 |       0 |   0.0
    Snake:2 |   21970 |   14883 |  40.4 |      45 |      17 |  27.4
    Snake:3 |    3033 |       0 |   0.0 |       6 |       0 |   0.0
    Snake:4 |    4430 |   12668 |  74.1 |      14 |      31 |  68.9
      Orc:1 |    1604 |       0 |   0.0 |       9 |       0 |   0.0
      Orc:2 |    1148 |    7805 |  87.2 |      17 |      30 |  63.8
   Vaults:1 |   16808 |    8114 |  32.6 |      48 |       8 |  14.3
   Vaults:2 |    2182 |    8873 |  80.3 |       4 |      13 |  76.5
   Vaults:3 |     979 |    1789 |  64.6 |       2 |       2 |  50.0
   Vaults:4 |     361 |   21031 |  98.3 |       1 |      18 |  94.7
   Vaults:5 |    2455 |   21560 |  89.8 |       6 |      15 |  71.4
      Sewer |       0 |     161 | 100.0 |       0 |       7 | 100.0
    Ossuary |       0 |     278 | 100.0 |       0 |      53 | 100.0
            +---------+---------+-------+---------+---------+-------
